 Dungeon Crawl Stone Soup version 0.31-a0-214-gb37851d (webtiles) character file.

Game seed: 8281858466868588493

48246 lyrin the Carver (level 14, -3/102 HPs)
             Began as a Djinni Fighter on July 1, 2023.
             Was the Champion of the Shining One.
             Slain by a komodo dragon (12 damage)
             ... on level 2 of the Lair of Beasts.
             The game lasted 00:41:56 (23034 turns).

lyrin the Carver (Djinni Fighter)                  Turns: 23034, Time: 00:41:57

Health: -3/102     AC: 32    Str: 15    XL:     14   Next: 85%
Gold:   1784       EV:  8    Int: 17    God:    the Shining One [******] SH: 20 Dex: 15

rFire   + . .        R - +3 scimitar (flame)
rCold   + . .        L - +0 kite shield {rC+}
rNeg    + + +        E - +8 chain mail "Yrhaw" {rPois Will++ Int+4}
rPois   ∞            p - +0 helmet
rElec   .            P - +2 cloak {rPois}
rCorr   .            T - +3 pair of gauntlets of War {Slay+5}
SInv    .            (boots unavailable)
Will    +++..        a - amulet of regeneration Stlth
                     o - ring of ice
HPRegen 1.17/turn    H - +4 ring of protection
MPRegen 0.00/turn

%: infuse magic (-4 HP)
@: divinely shielded, flying, glowing, studying 2 skills
A: sickness immunity, fire resistance 2, cold vulnerability 1, float, innate
caster, HP casting, extra vitality 1
a: Renounce Religion, Divine Shield, Cleansing Flame, Summon Divine Warrior,
Brand Weapon With Holy Wrath


You were on level 2 of the Lair of Beasts.
You worshipped the Shining One.
The Shining One was exalted by your worship.
You visited 4 branches of the dungeon, and saw 19 of its levels.
You also visited: Sewer, Ossuary and Ice Cave.

You collected 1784 gold pieces.

Inventory:

Hand Weapons
 C - a +4 scimitar
 J - a +0 arbalest
 R - a +3 scimitar of flaming (weapon)
Missiles
 l - 34 poisoned darts (quivered)
 t - a throwing net
 Q - 5 curare-tipped darts
Armour
 p - a +0 helmet (worn)
 E - the +8 chain mail "Yrhaw" (worn) {rPois Will++ Int+4}
   (You found it on level 5 of the Dungeon)

   Int:       It affects your intelligence (+4).
   rPois:     It protects you from poison.
   Will:      It greatly increases your willpower.
 L - a +0 kite shield of cold resistance (worn)
 P - a +2 cloak of poison resistance (worn)
 T - the +3 pair of gauntlets of War (worn) {Slay+5}
   (You found it on level 12 of the Dungeon)

   Slay:      It affects your accuracy & damage with ranged weapons and melee
   (+5).
Jewellery
 a - an amulet of regeneration (around neck)
 j - a ring of fire
 k - a +5 ring of evasion
 o - a ring of ice (left hand)
 u - a ring of positive energy
 G - a ring of wizardry
 H - a +4 ring of protection (right hand)
Wands
 c - a wand of roots (4)
 e - a wand of polymorph (7)
 O - a wand of paralysis (10)
Scrolls
 g - 2 scrolls of enchant weapon
 h - a scroll of amnesia
 i - 4 scrolls of revelation
 r - a scroll of poison
 v - a scroll of blinking
 w - 6 scrolls of immolation
 x - 2 scrolls of fog
 y - 5 scrolls of teleportation
 D - a scroll of brand weapon
 F - 4 scrolls of enchant armour
 K - 2 scrolls of vulnerability
 S - a scroll of silence
Potions
 b - 4 potions of lignification {unknown}
 d - 7 potions of might
 f - 2 potions of invisibility {unknown}
 m - 2 potions of attraction
 n - 8 potions of curing
 q - 2 potions of degeneration {unknown}
 s - 2 potions of enlightenment {unknown}
 z - 4 potions of haste
 A - 3 potions of brilliance {unknown}
 B - a potion of resistance {unknown}
 N - a potion of mutation {unknown}


   Skills:
 + Level 9.9 Fighting
 + Level 13.0 Long Blades
 + Level 0.7 Throwing
 + Level 8.9 Armour
 + Level 6.1 Dodging
 - Level 1.3 Stealth
 - Level 7.1 Shields
 * Level 8.0 Spellcasting
 * Level 8.0 Conjurations
 * Level 8.0 Hexes
 * Level 8.0 Summonings
 * Level 8.0 Necromancy
 * Level 8.0 Translocations
 * Level 8.0 Transmutations
 * Level 8.0 Fire Magic
 * Level 8.4 Ice Magic
 * Level 8.0 Air Magic
 * Level 8.0 Earth Magic
 * Level 8.0 Poison Magic
 * Level 9.7 Invocations


You knew the following spells:

 Your Spells              Type           Power      Damage    Failure   Level
a - Scorch                Fire           68%        2d8       14%         2
b - Portal Projectile     Hex/Tloc       68%        N/A       28%         3
c - Dazzling Flash        Conj/Hex       68%        N/A       28%         3
d - Fulminant Prism       Conj/Hex       17%        3d10      67%         4
e - Blade Hands           Tmut           17%        N/A       95%         5
o - Kiss of Death         Conj/Necr      100%       2d13      10%         1
Your spell library was empty.

Dungeon Overview and Level Annotations

Branches:
Dungeon (14/15)            Temple (1/1) D:4            Lair (2/5) D:11
 Spider (0/4) Lair:2          Orc (2/2) D:9             Elf (0/3) Orc:2
  Sewer (visited)         Ossuary (visited)           IceCv (visited)
  Swamp: Lair:2-3    Shoals: Lair:2-3    Vaults: D:13-14

Altars:
Ashenzari
Cheibriados
Dithmenos
Elyvilon
Fedhas
Gozag
Hepliaklqana
Makhleb
Nemelex Xobeh
Okawaru
Qazlal
Ru
Trog
Uskayaw
Wu Jian
Xom
Yredelemnul
Zin
The Shining One

Shops:
D:6 =   D:9 **   D:12 [   Orc:2 (:*[

Portals:
Trove: D:11 (give +5 demon whip)

Annotations:
D:9 exclusion: orange crystal statue
D:10 1 transporter, cowcow's ghost, novice NaCj
D:14 Rupert


Innate Abilities, Weirdness & Mutations

You are immune to sickness and miasma.
You are immune to poison.
Your flesh is very heat resistant. (rF++)
You are vulnerable to cold. (rC-)
You float through the air rather than walking.
You learn spells naturally, not from books.
Your magical power is your life essence.
You have superior vitality. (+4 MHP)


Message History

The komodo dragon barely misses you.
You block the four-headed hydra's attack.
The four-headed hydra bites you but does no damage.
You block the four-headed hydra's attack.
The four-headed hydra barely misses you.
You hit the komodo dragon. You burn the komodo dragon.
The komodo dragon is lightly wounded.
The two-headed hydra barely misses you.
You block the two-headed hydra's attack.
You block the komodo dragon's attack.
Unknown command.
You hit the komodo dragon. You burn the komodo dragon.
The komodo dragon is moderately wounded.
You block the four-headed hydra's attack.
The four-headed hydra bites you.
* * * LOW HITPOINT WARNING * * *
The four-headed hydra bites you but does no damage. x2
You block the two-headed hydra's attack.
The two-headed hydra bites you but does no damage.
The komodo dragon bites you!
* * * LOW HITPOINT WARNING * * *
Activating: Cleansing Flame (7% risk of failure)
Press: ? - help, Dir - look around, f - activate The golden flame engulfs you but does no damage.
You resist.
The golden flame engulfs the four-headed hydra!!
The four-headed hydra is almost dead.
The golden flame engulfs the two-headed hydra!!
The two-headed hydra is almost dead.
The golden flame engulfs the komodo dragon!!
The komodo dragon is almost dead.
You hear an angry hiss.
You block the four-headed hydra's attack. x2
The four-headed hydra bites you but does no damage.
The four-headed hydra bites you.
* * * LOW HITPOINT WARNING * * *
The two-headed hydra bites you but does no damage.
The two-headed hydra closely misses you.
The komodo dragon bites you!
You die...

##.....#.....##......
#....................
#...................
♣.....#............#
♣♣♣♣♣♣♣..♣♣...†.#....#
♣≈≈~~~~...♣♣...###..P#
♣≈≈≈≈~~~≈♣♣♣#..##...#
♣≈≈≈~~~~♣♣......##..#
♣♣≈≈§§@..♣♣.........#
#
♣♣♣♣DDl♣♣..........##.
§§§§♣♣♣♣♣....P......
♣§§♣♣♣♣ ♣♣....#.....
♣§§ ♣..........# ♣§§
♣♣........... ♣§.
♣............ ♣~
♣♣...........
#....†....##


You could see a four-headed hydra, a two-headed hydra and a komodo dragon.

Vanquished Creatures
  Gastronok (Lair:1)
  A stone giant (Orc:1)
  3 ettins
  Erolcha (D:9)
  A hydra (D:12)
  A boulder beetle (D:13)
  A centaur warrior (D:13)
  5 two-headed ogres
  Sonja (D:13)
  The ghost of lyrin the Summoner, a journeyman SpSu of Dithmenos (D:12)
  3 skeletal warriors (D:13)
  A deep elf pyromancer (D:13)
  2 orc knights (Orc:1)
  An orc sorcerer (Orc:1)
  2 ugly things (D:12)
  11 cyclopes
  A manticore (D:13)
  3 elephants (Lair:2)
  2 ice statues (IceCv)
  Maurice (D:8)
  A torpor snail (Lair:1)
  Joseph (D:10)
  2 gargoyles (D:13)
  2 black mambas (Lair:2)
  A cane toad (Lair:1)
  A rime drake (Lair:1)
  5 komodo dragons
  2 anaconda simulacra (IceCv)
  4 kobold demonologists
  3 efreet
  5 ice devils (IceCv)
  5 trolls
  3 slime creatures
  Sigmund (D:6)
  19 yaks
  3 shadows
  2 wyverns
  4 dire elephant simulacra (IceCv)
  A vampire (D:11)
  A wraith (D:12)
  A basilisk (Lair:2)
  Grum (D:9)
  A death yak simulacrum (IceCv)
  A human (D:9)
  4 hogs (D:9)
  3 steam dragons
  7 vampire mosquitoes
  3 harpy simulacra (IceCv)
  9 redbacks
  Menkaure (D:6)
  3 swamp worms (Lair:2)
  5 wargs
  A hydra simulacrum (IceCv)
  2 water moccasins
  Pargi (Sewer)
  An ice beast (D:8)
  16 orc warriors
  3 black bears
  A sky beast (D:3)
  3 wolves (D:9)
  3 ogres
  6 centaurs
  2 phantoms
  5 kobold brigands
  2 elf zombies (D:4)
  7 bullfrogs
  2 gnoll sergeants
  2 scorpions
  A cane toad simulacrum (Orc:1)
  3 elf skeletons (D:4)
  16 wights
  2 water moccasin zombies (Ossuary)
  A troll zombie (D:9)
  11 killer bees
  2 elephant simulacra (IceCv)
  2 howler monkeys (D:12)
  A jelly (D:6)
  A human zombie (D:4)
  13 orc priests
  2 hounds
  5 iguanas
  A sleepcap (D:6)
  Jessica (D:2)
  18 orc wizards
  2 spriggan simulacra (Orc:1)
  2 troll simulacra
  A polar bear simulacrum (Orc:1)
  A wolf simulacrum (IceCv)
  5 ogre zombies (D:9)
  2 mummies (Ossuary)
  Robin (D:1)
  13 gnolls
  9 adders
  3 naga simulacra (Orc:1)
  3 shadow imps
  A white imp (D:8)
  An ufetubus (IceCv)
  5 adder zombies (Ossuary)
  A worm (D:4)
  3 dart slugs
  60 orcs
  5 ball pythons
  7 bats
  7 endoplasms
  6 giant cockroaches
  3 gnoll zombies (Ossuary)
  6 hobgoblins
  3 jackals (D:2)
  4 quokkas
  7 frilled lizards
  13 goblins
  A goblin skeleton (D:9)
  A goblin zombie (D:9)
  A hobgoblin skeleton (D:9)
  7 hobgoblin zombies
  16 kobolds
  7 kobold zombies (Ossuary)
  2 orc skeletons (D:9)
  17 orc zombies
  7 rats
518 creatures vanquished.

Vanquished Creatures (collateral kills)
  A reaper (IceCv)
  A hydra (D:12)
2 creatures vanquished.

Vanquished Creatures (others)
  A bullfrog (D:11)
  A hound (D:6)
  A gnoll bouda (D:6)
  2 gnolls (D:6)
  An adder (D:6)
6 creatures vanquished.

Grand Total: 526 creatures vanquished

Notes
Turn   | Place    | Note
-------+----------+-------------------------------------------
     0 | D:1      | lyrin the Djinni Fighter began the quest for the Orb.
     0 | D:1      | Reached XP level 1. HP: 20/20 MP: 0/0
   183 | D:1      | Reached XP level 2. HP: 11/25 MP: 0/0
   711 | D:1      | Reached skill level 2 in Long Blades
   868 | D:2      | Reached XP level 3. HP: 29/30 MP: 0/0
   868 | D:2      | Learned a level 1 spell: Kiss of Death
   993 | D:2      | Noticed Robin
  1167 | D:1      | Killed Robin
  1168 | D:1      | Reached XP level 4. HP: 10/35 MP: 0/0
  1461 | D:2      | Noticed Jessica
  1480 | D:2      | Killed Jessica
  1580 | D:2      | Reached XP level 5. HP: 33/40 MP: 0/0
  1580 | D:2      | Learned a level 2 spell: Scorch
  2147 | D:3      | Found a faded altar of an unknown god.
  2195 | D:2      | Reached skill level 3 in Long Blades
  2195 | D:2      | Reached skill level 1 in Dodging
  2640 | D:2      | Reached XP level 6. HP: 18/47 MP: 0/0
  3169 | D:3      | Found a bloodstained altar of Trog.
  3884 | D:4      | Found a glowing drain.
  3900 | Sewer    | Entered a sewer
  3923 | Sewer    | Noticed Pargi
  3942 | Sewer    | Killed Pargi
  3943 | Sewer    | Reached skill level 1 in Spellcasting
  3943 | Sewer    | Reached skill level 1 in Conjurations
  3943 | Sewer    | Reached skill level 1 in Hexes
  3943 | Sewer    | Reached skill level 1 in Summonings
  3943 | Sewer    | Reached skill level 1 in Necromancy
  3943 | Sewer    | Reached skill level 1 in Translocations
  3943 | Sewer    | Reached skill level 1 in Transmutations
  3943 | Sewer    | Reached skill level 1 in Fire Magic
  3943 | Sewer    | Reached skill level 1 in Ice Magic
  3943 | Sewer    | Reached skill level 1 in Air Magic
  3943 | Sewer    | Reached skill level 1 in Earth Magic
  3943 | Sewer    | Reached skill level 1 in Poison Magic
  4037 | D:4      | Noticed a sky beast
  4064 | D:3      | Killed a sky beast
  4065 | D:3      | Reached skill level 1 in Stealth
  4065 | D:3      | Reached XP level 7. HP: 18/52 MP: 0/0
  4065 | D:3      | Learned a level 3 spell: Dazzling Flash
  4067 | D:3      | Reached skill level 4 in Long Blades
  4243 | D:4      | Found a staircase to the Ecumenical Temple.
  4253 | Temple   | Entered the Ecumenical Temple
  4266 | Temple   | Became a worshipper of the Shining One
  4450 | D:4      | Found a sand-covered staircase.
  4461 | D:4      | Reached XP level 8. HP: 26/58 MP: 0/0
  4500 | Ossuary  | Entered an ossuary
  4604 | Ossuary  | Reached * piety under the Shining One
  4701 | Ossuary  | Reached ** piety under the Shining One
  4924 | D:4      | Reached skill level 5 in Long Blades
  4970 | D:4      | Reached *** piety under the Shining One
  5352 | D:4      | Found a burning altar of Makhleb.
  5355 | D:4      | Noticed a blizzard demon
  5463 | D:5      | Entered Level 5 of the Dungeon
  5686 | D:5      | Found a hazy altar of Hepliaklqana.
  5826 | D:5      | Found a sacrificial altar of Ru.
  6350 | D:4      | Reached XP level 9. HP: 6/64 MP: 0/0
  6350 | D:4      | Learned a level 3 spell: Portal Projectile
  6696 | D:5      | Found a shimmering altar of Xom.
  6783 | D:5      | Identified the +8 chain mail "Yrhaw" {rPois Will++ Int+4}
  6884 | D:5      | Found a broken altar of Ashenzari.
  7462 | D:6      | Noticed Menkaure
  7471 | D:6      | Killed Menkaure
  7656 | D:6      | Reached skill level 5 in Fighting
  7656 | D:6      | Reached skill level 6 in Long Blades
  7832 | D:6      | Found Ikya's Jewellery Shoppe.
  7833 | D:6      | Found a basalt altar of Yredelemnul.
  7903 | D:6      | Noticed Sigmund
  7919 | D:6      | Killed Sigmund
  8038 | D:6      | Noticed a two-headed ogre
  8047 | D:6      | Killed a two-headed ogre
  8048 | D:6      | Reached skill level 7 in Long Blades
  8048 | D:6      | Reached XP level 10. HP: 34/71 MP: 0/0
  8476 | D:7      | Reached **** piety under the Shining One
  8489 | D:7      | Reached skill level 5 in Spellcasting
  8489 | D:7      | Reached skill level 5 in Conjurations
  8489 | D:7      | Reached skill level 5 in Hexes
  8489 | D:7      | Reached skill level 5 in Summonings
  8489 | D:7      | Reached skill level 5 in Necromancy
  8489 | D:7      | Reached skill level 5 in Translocations
  8489 | D:7      | Reached skill level 5 in Transmutations
  8489 | D:7      | Reached skill level 5 in Fire Magic
  8489 | D:7      | Reached skill level 5 in Ice Magic
  8489 | D:7      | Reached skill level 5 in Air Magic
  8489 | D:7      | Reached skill level 5 in Earth Magic
  8489 | D:7      | Reached skill level 5 in Poison Magic
  8537 | D:7      | Found an iron altar of Okawaru.
  8770 | D:7      | Reached skill level 8 in Long Blades
  9325 | D:7      | Found a glowing silver altar of Zin.
  9399 | D:8      | Found a blossoming altar of Fedhas.
  9841 | D:8      | Reached skill level 5 in Armour
  9936 | D:8      | Noticed a two-headed ogre
  9936 | D:8      | Reached ***** piety under the Shining One
 10120 | D:8      | Reached skill level 1 in Invocations
 10278 | D:8      | Noticed Maurice
 10295 | D:8      | Killed Maurice
 10642 | D:9      | Reached skill level 5 in Shields
 10708 | D:9      | Found a white marble altar of Elyvilon.
 10970 | D:9      | Noticed Grum
 10999 | D:9      | Killed Grum
 11009 | D:9      | Reached XP level 11. HP: 17/78 MP: 0/0
 11009 | D:9      | Learned a level 4 spell: Fulminant Prism
 11033 | D:9      | HP: 3/78 [wolf[Grum] (7)]
 11292 | D:9      | Noticed a two-headed ogre
 11347 | D:8      | Killed a two-headed ogre
 11348 | D:8      | Reached skill level 9 in Long Blades
 11432 | D:9      | Found a sparkling altar of Nemelex Xobeh.
 11512 | D:9      | Noticed an orange crystal statue
 11540 | D:9      | Found an opulent altar of Gozag.
 11543 | D:9      | Found Gozag's Platinum Reserve.
 11608 | D:9      | Found a staircase to the Orcish Mines.
 11722 | D:9      | Found Koasy's Lightly-Used Armoury.
 11928 | D:9      | Noticed Erolcha
 11947 | D:9      | Killed Erolcha
 12531 | D:10     | Entered Level 10 of the Dungeon
 12715 | D:10     | Found a snail-covered altar of Cheibriados.
 12782 | D:10     | Reached ****** piety under the Shining One
 13028 | D:10     | Found a transporter.
 13029 | D:10     | Noticed cowcow's ghost (novice NaCj)
 13029 | D:10     | Noticed a two-headed ogre
 13035 | D:10     | Noticed a two-headed ogre
 13035 | D:10     | Noticed a two-headed ogre
 13035 | D:10     | Noticed a two-headed ogre
 13569 | D:10     | Reached skill level 10 in Long Blades
 13614 | D:10     | Noticed Joseph
 13635 | D:10     | Killed Joseph
 13932 | D:11     | Found a staircase to the Lair.
 13971 | D:12     | Reached XP level 12. HP: 41/85 MP: 0/0
 13978 | D:12     | Noticed a sixfirhy
 13987 | D:12     | Reached skill level 5 in Dodging
 13990 | D:12     | HP: 3/85 [cyan ugly thing (17)]
 14256 | D:12     | Reached skill level 5 in Invocations
 14282 | D:11     | Noticed a soul eater
 14595 | D:11     | Noticed a two-headed ogre
 14616 | D:11     | Killed a two-headed ogre
 14663 | D:11     | Noticed a two-headed ogre
 14672 | D:11     | Killed a two-headed ogre
 14776 | D:11     | Found a portal to a secret trove of treasure.
 15695 | D:12     | Reached skill level 11 in Long Blades
 16101 | D:12     | Found a runed translucent gate.
 16101 | D:12     | Found a runed translucent gate.
 16101 | D:12     | Found a runed translucent gate.
 16102 | D:12     | Noticed lyrin's ghost (journeyman SpSu)
 16103 | D:12     | Noticed a nine-headed hydra
 16103 | D:12     | Found the +3 pair of gauntlets of War {Slay+5}
 16103 | D:12     | Noticed a nine-headed hydra
 16125 | D:12     | Found Heowuq's Armour Boutique.
 16179 | D:12     | Found a transporter.
 16435 | D:13     | Noticed a centaur warrior
 16446 | D:13     | Killed a centaur warrior
 16447 | D:13     | Reached XP level 13. HP: 67/92 MP: 0/0
 16447 | D:13     | Learned a level 5 spell: Blade Hands
 16573 | D:13     | Noticed a six-headed hydra
 16575 | D:13     | Noticed a five-headed hydra
 16575 | D:13     | Noticed a centaur warrior
 16911 | D:13     | Noticed Sonja
 16928 | D:13     | Killed Sonja
 17983 | D:14     | Noticed Rupert
 18053 | D:12     | Killed a nine-headed hydra
 18058 | D:12     | Killed a seven-headed hydra
 18063 | D:12     | Killed lyrin's ghost
 18178 | Orc:1    | Entered Level 1 of the Orcish Mines
 18418 | Orc:1    | Found a frozen archway.
 18449 | IceCv    | Entered an ice cave
 19019 | IceCv    | Reached skill level 12 in Long Blades
 19105 | IceCv    | Reached XP level 14. HP: 99/99 MP: 0/0
 19399 | IceCv    | Noticed a reaper
 19407 | IceCv    | Killed a reaper
 20014 | Orc:2    | Entered Level 2 of the Orcish Mines
 20420 | Orc:2    | Found Xoorch's Book Shoppe.
 20461 | Orc:2    | Found a staircase to the Elven Halls.
 20600 | Orc:2    | Found Kexea's General Store.
 20707 | Orc:2    | Found Nipnaubi's Antique Weapon Shop.
 20709 | Orc:2    | Noticed a stone giant
 20876 | Orc:1    | Killed a stone giant
 21812 | Orc:2    | Found Xytzoalu's Antique Armour Shoppe.
 21948 | Orc:2    | Identified a scroll of acquirement
 21954 | Orc:2    | Acquired a manual of Fighting
 22069 | Lair:1   | Entered Level 1 of the Lair of Beasts
 22118 | Lair:1   | Noticed Gastronok
 22136 | Lair:1   | Killed Gastronok
 22632 | Lair:1   | Identified the +3 trident of Ru, Riding {heavy, rPois}
 22898 | Lair:2   | Found a hole to the Spider Nest.
 22983 | Lair:2   | Reached skill level 13 in Long Blades
 23034 | Lair:2   | Slain by a komodo dragon

Illustrated notes

Levels and vault maps discovered:
D:1:      dpeg_arrival_orchard, layout_loops_ring, st_stairs_12
D:2:      layout_loops_cross, uniq_robin, uniq_jessica
D:3:      layout_rooms, trog_three_pillars_becter, ebering_ecumenical_altar_box
D:4:      layout_cave_pools, makhleb_altar_promises_db,
          minmay_temple_entry_statues_fountains,
          nicolae_ossuary_entry_catacombs, portal_sewer_entry_f, hex_medium
D:5:      layout_basic, kennysheep_little_box, kennysheep_mini_moat,
          nzn_hepliaklqana_mist_gate, mainiacjoe_overflow_surrounded_room,
          st_stairs_5
D:6:      layout_rooms, mainiacjoe_overflow_alcove_1,
          mainiacjoe_overflow_catwalk, nicolae_hexahallways,
          minmay_shop_enchanted_jewellery, uniq_menkaure, uniq_sigmund
D:7:      layout_loops_ring, kiku_gazebo_garden_becter,
          okawaru_metal_pillars_1_2, zin_academy
D:8:      layout_basic, mainiacjoe_overflow_cross_hatched, uniq_maurice
D:9:      layout_roguey, mainiacjoe_overflow_brackets, marbit_many_paths,
          nicolae_gozag_zags_fifth_avenue, zombieorc1_lemuel,
          minmay_misc_feat_rows, chequers_jeans, grunt_livestock,
          minmay_shop_damaged, st_stairs_7, minmay_statue_bubble, uniq_erolcha,
          uniq_grum
D:10:     layout_long_grid, mainiacjoe_overflow_concentric_impassable,
          gammafunk_ghost_smash, uniq_joseph
D:11:     layout_cave_pods, due_lair_maze_entry_diamond, enter_trove_2,
          nicolae_kite_square_tiling_tiny
D:12:     layout_cave_pools, serial_shops, nicolae_shop_hallway_plus,
          gammafunk_ghost_hydra_chop, nicolae_diode_basic
D:13:     layout_stronghold, serial_column_ruins, column_ruins_square_medium,
          column_ruins_open_medium, column_ruins_columns_T,
          column_ruins_open_tiny, drop_trap, minivault_12, uniq_sonja
D:14:     layout_basic, grunt_vaults_entry_tiered, grunt_qazlal_clouds,
          uniq_rupert
Temple:   hellmonk_temple_two_chambers
Lair:1:   layout_gridlike, lemuel_fruit_tree, uniq_gastronok
Lair:2:   layout_gridlike, palyth_hydra_swamp_entry, spider_nest_entry_a,
          dreamdust_mushroom_princess, minmay_shattered_shrine
Orc:1:    layout_caves, portal_ice_cave_entry_ice_simulacra, mines1_david
Orc:2:    grunt_orc_gardens, layout_caves, grunt_orc_garden, grunt_orc_garden,
          grunt_orc_garden, grunt_orc_garden

Skill      XL: |  1  2  3  4  5  6  7  8  9 10 11 12 13 14 |
---------------+-------------------------------------------+-----
Long Blades    | 2 3 4 5 7 8 10 11 12 13 | 13.0
Dodging        | 1 2 3 4 5 6 |  6.1
Spellcasting   | 1 2 4 5 6 7 8 |  8.0
Conjurations   | 1 2 4 5 6 7 8 |  8.0
Hexes          | 1 2 4 5 6 7 8 |  8.0
Summonings     | 1 2 4 5 6 7 8 |  8.0
Necromancy     | 1 2 4 5 6 7 8 |  8.0
Translocations | 1 2 4 5 6 7 8 |  8.0
Transmutations | 1 2 4 5 6 7 8 |  8.0
Fire Magic     | 1 2 4 5 6 7 8 |  8.0
Ice Magic      | 1 2 4 5 6 7 8 |  8.4
Air Magic      | 1 2 4 5 6 7 8 |  8.0
Earth Magic    | 1 2 4 5 6 7 8 |  8.0
Poison Magic   | 1 2 4 5 6 7 8 |  8.0
Fighting       | 4 5 6 7 8 9 |  9.9
Stealth        | 1 |  1.3
Shields        | 4 5 6 7 |  7.1
Armour         | 4 5 6 7 8 |  8.9
Invocations    | 2 4 6 8 9 |  9.7
Throwing       | |  0.7

Action                     |  1- 3 |  4- 6 |  7- 9 | 10-12 | 13-15 || total
---------------------------+-------+-------+-------+-------+-------++-------
  Melee: Long sword        |   102 |   206 |   267 |   650 |       ||  1225
         Punch             |       |     1 |     3 |       |       ||     4
         Scimitar          |       |       |       |   316 |   628 ||   944
  Throw: Dart              |       |       |       |    13 |       ||    13
   Cast: Scorch            |       |    19 |    97 |     5 |    34 ||   155
         Portal Projectile |       |       |       |     1 |       ||     1
 Invoke: Divine Shield     |       |       |       |     4 |     4 ||     8
         Cleansing Flame   |       |       |       |    12 |     4 ||    16
         Summon Divine War |       |       |       |       |     2 ||     2
  Evoke: Wand              |       |       |     1 |     2 |       ||     3
    Use: Potion            |       |     1 |     3 |     8 |       ||    12
         Scroll            |       |       |     1 |    13 |     6 ||    20
   Stab: Sleeping          |       |     2 |       |       |       ||     2
 Armour: Scale mail        |    53 |       |       |       |       ||    53
         Animal skin       |       |    14 |       |       |       ||    14
         Robe              |       |    82 |    45 |       |       ||   127
         Chain mail        |       |       |    68 |   661 |   360 ||  1089
  Dodge: Dodged            |    30 |   166 |   146 |   412 |   199 ||   953
  Block: Kite shield       |    67 |    40 |       |       |   173 ||   280
         Buckler           |       |       |    32 |   354 |    72 ||   458

Table legend: (Time is in decaauts)
 A = Elapsed time spent in this place.
 B = Non-inter-level travel time spent in this place.
 C = Inter-level travel time spent in this place.
 D = Time resting spent in this place.
 E = Time spent auto-exploring this place.
 F = Levels seen in this place.
 G = Mean time per level.
                   A        B        C        D        E       F      G
               +--------+--------+--------+--------+--------+-----+--------+
         Total |  23123 |  22398 |    725 |   6189 |  10567 |  22 | 1051.0 |
       Dungeon |  17780 |  17155 |    625 |   4477 |   8665 |  14 | 1270.0 |
        Temple |     24 |     24 |      0 |      0 |      0 |   1 |   24.0 |
          Lair |    961 |    933 |     28 |      0 |    659 |   2 |  480.5 |
  Orcish Mines |   2723 |   2652 |     71 |    989 |    916 |   2 | 1361.5 |
         Sewer |    131 |    131 |      0 |      5 |      0 |   1 |  131.0 |
       Ossuary |    419 |    419 |      0 |     69 |    207 |   1 |  419.0 |
      Ice Cave |   1082 |   1082 |      0 |    649 |    120 |   1 | 1082.0 |
               +--------+--------+--------+--------+--------+-----+--------+

Top non-repeatable levels by time:
     D:9: 2074 daAuts
     D:2: 1769 daAuts
    D:13: 1752 daAuts
   Orc:1: 1493 daAuts
    D:11: 1413 daAuts
     D:4: 1368 daAuts
     D:5: 1363 daAuts
     D:1: 1312 daAuts
   Orc:2: 1229 daAuts
     D:6: 1192 daAuts
    D:10: 1175 daAuts
     D:7: 1148 daAuts
     D:8: 1110 daAuts
   IceCv: 1082 daAuts
    D:12: 1048 daAuts
